 Dungeon Crawl Stone Soup version 0.20-a0-315-g8346a86 (console) character file.

351 nht the Cleaver (level 6, -1/76 HPs)
             Began as a Minotaur Chaos Knight on Dec 20, 2016.
             Slain by Grinder (4 damage)
             ... while paralysed by Grinder
             ... on level 5 of the Dungeon.
             The game lasted 00:06:25 (3283 turns).

nht the Cleaver (Minotaur Chaos Knight)             Turns: 3283, Time: 00:06:26

Health: -1/76      AC:  3    Str: 22    XL:     6   Next: 34%
Magic:  5/5        EV:  2    Int: 11    God:    Xom [..*...]
Gold:   134        SH:  0    Dex: 11    Spells: 5/5 levels left

rFire  . . .     SeeInvis .     s - +6 flail {pain, *Drain rElec rPois rC+++}
rCold  + + +     Gourm    .     b - +2 leather armour
rNeg   . . .     Faith    .     (no shield)
rPois  +         Spirit   .     (helmet restricted)
rElec  +         Reflect  .     (no cloak)
rCorr  .         Harm     .     (no gloves)
MR     .....                    (no boots)
Stlth  ..........               (no amulet)
                                l - +2 ring of intelligence
                                j - -2 ring of protection (curse)

@: paralysed, mighty, berserking, flying
A: retaliatory headbutt, horns 2
a: Renounce Religion


You were on level 5 of the Dungeon.
You worshipped Xom.
You were a toy of Xom.
You were hungry.

You visited 1 branch of the dungeon, and saw 5 of its levels.

You collected 134 gold pieces.

Inventory:

Hand Weapons
 a - a +1 war axe
 s - the +6 flail of Reinforcement (weapon) {pain, *Drain rElec rPois rC+++}
   (You found it on level 4 of the Dungeon)

   In the hands of one skilled in necromantic magic, it inflicts extra damage on
   living creatures.
   It renders you almost immune to cold.
   It insulates you from electricity.
   It protects you from poison.
   It causes draining when unequipped.
Armour
 b - a +2 leather armour (worn)
Jewellery
 j - a cursed -2 ring of protection (left hand)
 l - a +2 ring of intelligence (right hand)
 r - an uncursed ring of poison resistance {unknown}
Scrolls
 m - 3 scrolls of identify
Potions
 h - a potion of heal wounds
 k - 2 potions of agility {unknown}
 t - a potion of lignification {unknown}
Comestibles
 c - 4 bread rations
 d - 4 meat rations
 f - a slice of pizza
 g - a beef jerky


   Skills:
 - Level 3.6 Fighting
 + Level 8.7 Axes
 - Level 2.4 Armour
 - Level 1.1 Dodging


You had 5 spell levels left.
You didn't know any spells.

Dungeon Overview and Level Annotations

Branches:
Dungeon (5/15)             Temple (0/1) D:4

Altars:
Trog

Annotations:
D:4 Crazy Yiuf
D:5 Grinder


Innate Abilities, Weirdness & Mutations

You reflexively headbutt those who attack you in melee.
You have a pair of horns on your head.


Message History

You fly up into the air.
It was a potion of magic.
Magic courses through your body.
It was a potion of might.
You feel very mighty all of a sudden. "Go forth and destroy!"
You feel mightier all of a sudden.
It was a potion of berserk rage.
A red film seems to cover your vision as you go berserk!
You feel yourself moving faster!
You feel mighty! Grinder gestures at you.
You suddenly lose the ability to move!
Grinder hits you!
* * * LOW HITPOINT WARNING * * *
You writhe in agony.
* * * LOW HITPOINT WARNING * * *
Grinder hits you!
* * * LOW HITPOINT WARNING * * *
You writhe in agony.
You die...
Xom laughs nastily!

, , , █.█ ,, , ,,
██████.███████ ,, ***
,,,..██.........█ ,**
*,█,* █.██.█.█████.█
*█.█.███.██.█.█████.████
,*,
.....█.██.█.█........█
,█,*,█..........███.██.█
*
*█.█.█...█5██.....███.█
█ ,
......███@██........<█
,█.......████.███████
,█████████ █.█ *,* **
*.█ , ,, * * +█* * * *,
, * , * , , ,** **,, *
,, ,,, , ** ** , , , *


You could see Grinder.

Vanquished Creatures
  2 orc priests (D:3)
  An iguana (D:4)
  A worker ant (D:5)
  2 orc wizards (D:4)
  5 adders
  4 gnolls (D:2)
  An ooze (D:2)
  An adder skeleton (D:4)
  2 worms
  2 dart slugs
  3 leopard geckos
  9 orcs
  6 bats
  6 giant cockroaches
  10 goblins
  9 hobgoblins
  2 jackals (D:4)
  A quokka (D:3)
  A ball python (D:1)
  5 frilled lizards
  9 kobolds
  7 rats
89 creatures vanquished.

Vanquished Creatures (collateral kills)
  An orc (D:4)
1 creature vanquished.

Grand Total: 90 creatures vanquished

Notes
Turn   | Place    | Note
-------+----------+-------------------------------------------
     0 | D:1      | nht the Minotaur Chaos Knight began the quest for the Orb.
     0 | D:1      | Reached XP level 1. HP: 19/19 MP: 0/0
    70 | D:1      | Reached skill level 4 in Axes
    70 | D:1      | XOM: divination: detect creatures
    74 | D:1      | XOM: potion effect (haste)
    80 | D:1      | Reached XP level 2. HP: 3/26 MP: 1/1
   537 | D:1      | XOM: 1-stop teleportation journey
   739 | D:1      | Reached skill level 5 in Axes
   942 | D:2      | Reached XP level 3. HP: 30/31 MP: 2/2
  1170 | D:2      | Reached skill level 6 in Axes
  1170 | D:2      | Reached XP level 4. HP: 21/39 MP: 3/3
  1401 | D:2      | XOM: cast spell 'Olgreb's Toxic Radiance'
  1497 | D:2      | XOM: silly message
  1600 | D:2      | XOM: harmless Chrm miscast
  1678 | D:2      | XOM: harmless Ice miscast
  1774 | D:3      | Reached XP level 5. HP: 44/45 MP: 4/4
  1866 | D:3      | Reached skill level 7 in Axes
  1935 | D:3      | Found a bloodstained altar of Trog.
  2231 | D:3      | XOM: harmless Summ miscast
  2389 | D:3      | XOM: harmless Tmut miscast
  2451 | D:4      | Reached skill level 8 in Axes
  2472 | D:4      | Found a staircase to the Ecumenical Temple.
  2485 | D:4      | Got a scorched flail
  2486 | D:4      | Identified the +6 flail of Reinforcement {pain, *Drain rElec rPois rC+++} (You found it on level 4 of the Dungeon)
  2487 | D:4      | nice resists
  2713 | D:4      | XOM: summons friendly quasit
  2727 | D:4      | Reached XP level 6. HP: 49/51 MP: 5/5
  2934 | D:4      | XOM: harmless Air miscast
  2944 | D:4      | XOM: harmless Air miscast
  2947 | D:4      | weird vault
  2985 | D:4      | Found a runed door.
  3016 | D:4      | XOM: noise
  3145 | D:4      | Noticed Crazy Yiuf
  3235 | D:5      | Entered Level 5 of the Dungeon
  3258 | D:5      | Noticed Grinder
  3267 | D:5      | Paralysed by Grinder for 4 turns
  3273 | D:5      | XOM: divination: magic mapping
  3280 | D:5      | XOM: potion effect (might)
  3281 | D:5      | Paralysed by Grinder for 7 turns
  3283 | D:5      | HP: 3/76 [Grinder (8)]
  3283 | D:5      | Slain by Grinder

Vault maps used:
D:1:      eino_arrival_cavern_c, serial_bayou, serial_bayou_shore_a,
          serial_bayou_shore_b, serial_bayou_lagoon_b, serial_bayou_lagoon_a,
          serial_bayou_shore_b, minmay_liquid_box
D:3:      first_bread, st_stairs_11, trog_hazing_becter
D:4:      cheibrodos_quashed, grunt_decor_arrowhead, hangedman_decor_opposing,
          minivault_1, uniq_crazy_yiuf_cottage
D:5:      basic_altar, uniq_grinder

Skill      XL: |  1  2  3  4  5 |
---------------+----------------+-----
Axes           | 4 5 6 8 |  8.7
Fighting       | |  3.6
Armour         | |  2.4
Dodging        | |  1.1

Action                   |  1- 3 |  4- 6 || total
-------------------------+-------+-------++-------
Melee: Hand axe          |    68 |       ||    68
       Headbutt          |    10 |    18 ||    28
       War axe           |    23 |   102 ||   125
       Flail             |       |    18 ||    18
  Use: Scroll            |     4 |     4 ||     8
       Potion            |       |     4 ||     4
  Eat: Chunk             |     1 |     6 ||     7
Armor: Leather armour    |    27 |    42 ||    69
Dodge: Dodged            |    51 |    83 ||   134
